 Dungeon Crawl Stone Soup version 0.31.0-2-g5a2aebc5c2 (webtiles) character file.

Game seed: 14330489875645475466

76 Aviak the Firebug (level 4, -2/32 HPs)
             Began as a Gnoll Fire Elementalist on Jan 20, 2024.
             Succumbed to an orc's poison
             ... on level 3 of the Dungeon.
             The game lasted 00:02:52 (1450 turns).

Aviak the Firebug (Gnoll Fire Elementalist)         Turns: 1450, Time: 00:02:53

Health: -2/32      AC:  5    Str:  5 (7)  XL:     4   Next: 32%
Magic:  1/11       EV: 11    Int: 16 (17) God:
Gold:   115        SH:  0    Dex:  8 (10) Spells: 10/13 levels left

rFire   + . .        e - +2 mace (drain)
rCold   . . .        (no shield)
rNeg    . . .        i - +0 leather armour {rF+}
rPois   .            (no helmet)
rElec   .            c - +0 cloak
rCorr   .            g - +0 pair of gloves
SInv    .            (no boots)
Will    +....        (no amulet)
Stlth   ++           (no ring)
HPRegen 0.25/turn    (no ring)
MPRegen 0.12/turn

%: no passive effects
@: lethally poisoned (-2 -> -18)
A: fangs 1, strong nose, distributed training, clumsy 1, strong-willed 1,
teleportitis 1
a: no special abilities


You were on level 3 of the Dungeon.
You visited 1 branch of the dungeon, and saw 3 of its levels.

You collected 115 gold pieces.

Inventory:

Hand Weapons
 e - a +2 mace of draining (weapon)
Armour
 c - a +0 cloak (worn)
 g - a +0 pair of gloves (worn)
 i - a +0 leather armour of fire resistance (worn)
Scrolls
 a - 3 scrolls of fog {unknown}
 d - a scroll of immolation {unknown}
 h - a scroll of fear {unknown}
 j - 2 scrolls of identify {unknown}
 l - a scroll of summoning {unknown}
 o - a scroll of silence {unknown}
Potions
 b - a potion of magic
 m - a potion of haste {unknown}
 n - a potion of might {unknown}


   Skills:
 + Level 1.1 Fighting
 + Level 1.1 Short Blades
 + Level 1.1 Long Blades
 + Level 1.1 Axes
 + Level 1.1 Maces & Flails
 + Level 1.1 Polearms
 + Level 1.1 Staves
 + Level 1.1 Ranged Weapons
 + Level 1.1 Throwing
 + Level 1.1 Armour
 + Level 4.6 Dodging
 + Level 4.2 Stealth
 + Level 1.1 Shields
 + Level 1.1 Unarmed Combat
 + Level 5.1 Spellcasting
 + Level 2.2 Conjurations
 + Level 0.9 Hexes
 + Level 0.9 Summonings
 + Level 0.9 Necromancy
 + Level 0.9 Translocations
 + Level 5.4 Fire Magic
 + Level 0.9 Ice Magic
 + Level 0.9 Air Magic
 + Level 0.9 Earth Magic
 + Level 0.9 Alchemy
 + Level 1.2 Invocations
 + Level 1.1 Evocations
 + Level 1.0 Shapeshifting


You had 10 spell levels left.
You knew the following spells:

 Your Spells              Type           Power      Damage    Failure   Level
a - Foxfire               Conj/Fire      64%        2x1d7     4%          1
b - Scorch                Fire           42%        2d6       3%          2

Your spell library contained the following spells:

 Spells                   Type           Power      Damage    Failure   Level
 Inner Flame              Hex/Fire       14%        N/A       21%         3
 Volatile Blastmotes      Fire/Tloc      28%        2d12      21%         3
 Call Imp                 Summ           14%        N/A       26%         2
 Cigotuvi's Dreadful Rot  Necr/Alch/Air  14%        N/A       26%         2
 Sublimation of Blood     Necr           7%         N/A       26%         2
 Flame Wave               Conj/Fire      16%        2d7       45%         4
 Ignite Poison            Fire/Alch      14%        N/A       54%         4
 Freezing Cloud           Conj/Ice/Air   4%         6-21      98%         5
 Summon Hydra             Summ           3%         N/A       100%        7


Dungeon Overview and Level Annotations

Branches:
Dungeon (3/15)

Altars:
Dithmenos
Elyvilon

Annotations:
D:3 Jessica


Innate Abilities, Weirdness & Mutations

You have very sharp teeth.
Your uncanny sense of smell can sniff out nearby items.
Your experience applies equally to all skills.
You are clumsy. (Dex -2)
You are strong-willed. (Will+)
You are occasionally teleported next to monsters.


Message History

You are poisoned.
The orc barely misses you.
Casting: Foxfire (safe; 4% risk of failure)
Confirm with . or Enter, or press ? or * to list all spells.
Flames lash the orc.
You kill the orc!
You feel very sick. The orc barely misses you. Jessica barely misses you.
Your magical contamination has completely faded away.
You hit the orc. You bite the orc.
The orc is almost dead.
You feel sick.
The orc hits you with a +0 dagger of venom.
You are more poisoned.
Jessica barely misses you. The orc hits you with a +0 short sword.
You feel very sick. The orc hits you but does no damage.
You are lethally poisoned!
Jessica mumbles some strange words.
Jessica blinks!
Found 7 stones and a scroll labelled ENEULA EMOANE.
You feel very sick. The orc attacks as it pursues you!
The orc hits you but does no damage.
You are more poisoned.
Found a stone staircase leading down.
* * * LOW HITPOINT WARNING * * *
You feel extremely sick.
Jessica shouts, "Stop bothering me, or I'll kill you!"
Unknown command.
It was a potion of degeneration.
There was something very wrong with that liquid.
You feel weakened.
You feel dopey.
You feel clumsy.
* * * LOW HITPOINT WARNING * * *
You feel very sick. The goblin closely misses you.
The orc hits you with a +0 dagger of venom.
* * * LOW HITPOINT WARNING * * *
It was a potion of mutation.
You feel extremely strange.
You feel strong-willed.
You feel weirdly uncertain.
You feel clumsy.
You die...

#. #.##<##.#........#
#. #.##.##<#.######..
#.##.##.##.#.#
.#####............#
.................##
##...<.†........# .##
#.###......##..#
....##.##.......##..#.
.......#.)♣♣.♣♣@.#....
#.(.....$.♣.♣go.....(>
#.#####.♣....o♣.......
#.♣♣@..♣♣.#..?..
#...._..........
#.♣♣...♣♣.##.#..
...♣..|..♣... . #
###...♣.♣.......#
...♣♣.♣♣.. .


You could see Jessica, 2 orcs and a goblin.

Vanquished Creatures
  3 adders
  A dart slug (D:1)
  A ribbon worm (D:2)
  2 orcs (D:3)
  5 ball pythons (D:1)
  3 bats
  An endoplasm (D:2)
  5 goblins
  3 hobgoblins
  5 kobolds
  3 quokkas
  5 frilled lizards
  7 rats
44 creatures vanquished.

Vanquished Creatures (collateral kills)
  2 foxfires (D:1)
2 creatures vanquished.

Vanquished Creatures (others)
  68 foxfires
68 creatures vanquished.

Grand Total: 114 creatures vanquished

Notes
Turn   | Place    | Note
-------+----------+-------------------------------------------
     0 | D:1      | Aviak the Gnoll Fire Elementalist began the quest for the
                  | Orb.
     0 | D:1      | Reached XP level 1. HP: 13/13 MP: 6/6
   144 | D:1      | Reached XP level 2. HP: 19/19 MP: 4/7
   546 | D:1      | Reached skill level 5 in Spellcasting
   546 | D:1      | Reached XP level 3. HP: 19/25 MP: 1/9
   810 | D:2      | Reached skill level 1 in Invocations
   821 | D:2      | Found a shadowy altar of Dithmenos.
   890 | D:2      | Learned a level 2 spell: Scorch
  1062 | D:2      | Reached skill level 1 in Fighting
  1062 | D:2      | Reached skill level 1 in Short Blades
  1062 | D:2      | Reached skill level 1 in Long Blades
  1062 | D:2      | Reached skill level 1 in Axes
  1062 | D:2      | Reached skill level 1 in Maces & Flails
  1062 | D:2      | Reached skill level 1 in Polearms
  1062 | D:2      | Reached skill level 1 in Staves
  1062 | D:2      | Reached skill level 1 in Ranged Weapons
  1062 | D:2      | Reached skill level 1 in Throwing
  1062 | D:2      | Reached skill level 1 in Armour
  1062 | D:2      | Reached skill level 1 in Shields
  1062 | D:2      | Reached skill level 1 in Unarmed Combat
  1062 | D:2      | Reached skill level 1 in Evocations
  1288 | D:2      | Reached skill level 1 in Shapeshifting
  1288 | D:2      | Reached XP level 4. HP: 32/32 MP: 11/11
  1417 | D:3      | Found a white marble altar of Elyvilon.
  1437 | D:3      | Noticed Jessica
  1450 | D:3      | Gained mutation: You are strong-willed. (Will+) [potion of
                  | mutation]
  1450 | D:3      | Gained mutation: You are occasionally teleported next to
                  | monsters. [potion of mutation]
  1450 | D:3      | Gained mutation: You are clumsy. (Dex -2) [potion of
                  | mutation]
  1450 | D:3      | Succumbed to an orc's poison

Illustrated notes

Levels and vault maps discovered:
D:1:      lightli_arrival_statue_moat, layout_rooms, serial_forest,
          infiniplex_forest_clump_double, infiniplex_forest_lined_corner,
          infiniplex_forest_clump_long, infiniplex_forest_lined_room_2,
          infiniplex_forest_side_room, infiniplex_forest_straight_1,
          infiniplex_forest_end_3, infiniplex_forest_zigzag_2,
          infiniplex_forest_clump_long
D:2:      cheibrodos_old_hovel, layout_rooms, basic_altar, minmay_pentomino_p4
D:3:      layout_loops_ring, marbit_many_paths,
          mainiacjoe_overflow_small_starburst, serial_shops, shop, uniq_jessica,
          uniq_ijyb

Skill      XL: |  1  2  3 |
---------------+----------+-----
Conjurations   | 2 |  2.2
Spellcasting   | 5 |  5.1
Invocations    | 1 |  1.2
Fighting       | 1 |  1.1
Short Blades   | 1 |  1.1
Long Blades    | 1 |  1.1
Axes           | 1 |  1.1
Maces & Flails | 1 |  1.1
Polearms       | 1 |  1.1
Staves         | 1 |  1.1
Ranged Weapons | 1 |  1.1
Throwing       | 1 |  1.1
Armour         | 1 |  1.1
Shields        | 1 |  1.1
Unarmed Combat | 1 |  1.1
Evocations     | 1 |  1.1
Shapeshifting  | 1 |  1.0
Dodging        | |  4.6
Stealth        | |  4.2
Hexes          | |  0.9
Summonings     | |  0.9
Necromancy     | |  0.9
Translocations | |  0.9
Fire Magic     | |  5.4
Ice Magic      | |  0.9
Air Magic      | |  0.9
Earth Magic    | |  0.9
Alchemy        | |  0.9

Action                     |  1- 3 |  4- 6 || total
---------------------------+-------+-------++-------
  Melee: Bite              |     2 |     1 ||     3
         Unarmed           |     1 |       ||     1
         Mace              |    48 |    10 ||    58
         Punch             |     1 |       ||     1
   Cast: Foxfire           |    33 |     5 ||    38
         Scorch            |     2 |     3 ||     5
    Use: Potion            |       |     2 ||     2
   Stab: Sleeping          |     1 |       ||     1
 Armour: Robe              |    13 |       ||    13
         Leather armour    |    19 |    21 ||    40
  Dodge: Dodged            |    43 |    19 ||    62
